 Seeded DCSS version 0.28-a0-948-gee6e0bc (webtiles) character file.

Game seed: 8233476855331759157 (custom seed)

188 Illumine the Conjurer (level 5, 0/29 HPs)
             Began as a Gargoyle Air Elementalist on Nov 29, 2021.
             Slain by an ufetubus (3 damage)
             ... on level 2 of the Dungeon.
             The game lasted 00:09:13 (4343 turns).

Illumine the Conjurer (Gargoyle Air Elementalist)   Turns: 4343, Time: 00:09:14

Health: 0/29       AC:  6    Str: 11    XL:     5   Next: 67%
Magic:  6/10       EV: 11    Int: 17    God:
Gold:   90         SH:  0    Dex: 10    Spells: 5/11 levels left

rFire   . . .      SeeInvis .   r - +0 hand axe (flame)
rCold   . . .      Faith    .   (no shield)
rNeg    + . .      Spirit   .   a - +0 robe
rPois   ∞          Reflect  .   (no helmet)
rElec   +          Harm     .   (no cloak)
rCorr   .          Rampage  .   (no gloves)
Will    .....                   (no boots)
Stlth   ++........              (no amulet)
HPRegen 0.09/turn               (no ring)
MPRegen 0.12/turn               (no ring)

@: brilliant
A: sickness immunity, AC +4, negative energy resistance 1, electricity
resistance, torment resistance 1, petrification resistance, wild magic 1,
MP-powered wands
a: no special abilities


You were on level 2 of the Dungeon.
You visited 1 branch of the dungeon, and saw 4 of its levels.

You collected 90 gold pieces.

Inventory:

Hand Weapons
 j - a +0 spear
 r - a +0 hand axe of flaming (weapon)
Missiles
 d - 3 atropa-tipped darts
 o - 2 poisoned darts (quivered)
Armour
 a - a +0 robe (worn)
Jewellery
 c - a ring of positive energy
Scrolls
 b - a scroll of magic mapping {unknown}
 f - a scroll of teleportation {unknown}
 g - 2 scrolls of identify {unknown}
 i - a scroll of fog {unknown}
 l - a scroll of noise {unknown}
 m - a scroll of fear {unknown}
 p - 2 scrolls of immolation {unknown}
 q - a scroll of blinking {unknown}
Potions
 e - a potion of mutation
 k - a potion of might {unknown}
 n - a potion of degeneration {unknown}


   Skills:
 + Level 1.3 Fighting
 - Level 1.5 Dodging
 - Level 2.1 Stealth
 + Level 3.6 Spellcasting
 + Level 3.6 Conjurations
 - Level 3.0 Air Magic


You had 5 spell levels left.
You knew the following spells:

 Your Spells              Type           Power      Damage    Failure   Level
a - Shock                 Conj/Air       100%       1d9       7%          1
b - Static Discharge      Conj/Air       27%        N/A       10%         2
c - Swiftness             Air            25%        N/A       21%         3

Your spell library contained the following spells:

 Spells                   Type           Power      Damage    Failure   Level
 Dazzling Flash           Conj/Hex       36%        N/A       32%         3
 Airstrike                Air            12%        N/A       52%         4
 Petrify                  Tmut/Erth      5%         N/A       90%         4
 Irradiate                Conj/Tmut      9%         3d16      95%         5
 Silence                  Hex/Air        7%         N/A       96%         5
 Agony                    Necr           5%         N/A       99%         5
 Sublimation of Blood     Necr           Unusable   N/A       N/A         2

Dungeon Overview and Level Annotations

Branches:
Dungeon (4/15)
 Temple: D:4-7

Altars:
Fedhas
Trog

Annotations:
D:2 Natasha
D:3 2 transporters, MattytheCrawler's ghost, amateur GrAE; Terence


Innate Abilities, Weirdness & Mutations

You are immune to sickness and miasma.
Your stone body is resilient. (AC +4)
You are immune to poison.
You resist negative energy. (rN+)
You are resistant to electric shocks. (rElec)
You are resistant to unholy torment.
You are immune to petrification.
Your spells are a little harder to cast, but a little more powerful.
You expend magic power (3 MP) to strengthen your wands.


Message History

The white imp hits you but does no damage.
The ufetubus closely misses you. x2; Natasha closely misses you.
The ufetubus barely misses you. The ufetubus hits you.
The ufetubus closely misses you. The ufetubus hits you.
Natasha mumbles some strange words.
The ufetubus hits you.
The ufetubus hits you but does no damage.
The ufetubus barely misses you. The ufetubus hits you.
The ufetubus barely misses you.
The ufetubus hits you but does no damage.
The ufetubus hits you.
The ufetubus hits you but does no damage.
The white imp shouts, "Fly, thou worthless ruttish frater!"
There is a stone staircase leading up here.
The ufetubus misses you.
The ufetubus hits you but does no damage.
The goblin hits you but does no damage. Natasha claws you but does no damage.
The white imp summons a swarm of flies.
You climb upwards.
The white imp disappears in a puff of smoke!
The crimson imp disappears in a puff of smoke!
There is a stone staircase leading down here.
The ufetubus hits you. x2
The goblin hits you with a +0 dagger.
* * * LOW HITPOINT WARNING * * *
The ufetubus closely misses you. The ufetubus hits you.
* * * LOW HITPOINT WARNING * * *
The ufetubus misses you. The ufetubus hits you.
* * * LOW HITPOINT WARNING * * *
Okay, then.
It was a potion of mutation.
You feel extremely strange.
You feel less in control of your magic.
You feel your magical essence link to the dungeon's wands.
The ufetubus hits you but does no damage.
The ufetubus misses you.
It was a potion of brilliance.
You feel clever all of a sudden.
The ufetubus hits you but does no damage.
The ufetubus hits you.
You die...

#.##......# #...# #.#
#.##.##...# #...#######.##
#.##.##)..#####....##.......
#.....................###.##
####.#####.###.#..##### #.##
#...........#..#######.##
#....###.####..........##
#.##.# #.# ##'###########
#.##.# #@###...##
#.##.###5##.....#########
#....h.hg#.......##......
##.>.####.........#.##...
#.......'.....)...'......
##...####......(..#.##...
##.## ##.......##.###.# #.#
##.....###...... #<# ##...##
#####.#


You could see Natasha, an ufetubus and a goblin.

Vanquished Creatures
  An orc priest (D:3)
  Natasha (D:3)
  Robin (D:3)
  A gnoll (D:3)
  3 adders (D:2)
  A worm (D:2)
  2 dart slugs
  6 orcs (D:3)
  7 ball pythons
  3 endoplasms
  2 giant cockroaches
  11 goblins
  3 hobgoblins
  4 quokkas
  7 bats
  4 frilled lizards
  11 kobolds
  7 rats
75 creatures vanquished.

Notes
Turn   | Place    | Note
-------+----------+-------------------------------------------
     0 | D:1      | Illumine the Gargoyle Air Elementalist began the quest for
                  | the Orb.
     0 | D:1      | Reached XP level 1. HP: 10/10 MP: 3/3
   555 | D:1      | Upgraded the game from 0.28-a0-941-g140ffa1 to
                  | 0.28-a0-948-gee6e0bc
   636 | D:1      | Reached XP level 2. HP: 15/15 MP: 0/5
  1343 | D:2      | Reached XP level 3. HP: 19/19 MP: 3/6
  1803 | D:2      | Learned a level 2 spell: Static Discharge
  1987 | D:2      | Reached XP level 4. HP: 22/24 MP: 0/8
  2098 | D:2      | Found a blossoming altar of Fedhas.
  2797 | D:3      | Noticed Terence
  2933 | D:3      | Noticed Robin
  3140 | D:3      | Found a transporter.
  3414 | D:3      | Found a transporter.
  3415 | D:3      | Noticed MattytheCrawler's ghost (amateur GrAE)
  3580 | D:4      | Reached XP level 5. HP: 28/28 MP: 6/9
  3649 | D:4      | Learned a level 3 spell: Swiftness
  3662 | D:4      | Noticed an ogre
  3791 | D:3      | Found a bloodstained altar of Trog.
  3791 | D:3      | Noticed Natasha
  3822 | D:3      | Killed Natasha
  4141 | D:3      | Reached skill level 1 in Fighting
  4234 | D:3      | Killed Robin
  4311 | D:3      | Noticed Natasha
  4342 | D:2      | Gained mutation: Your spells are a little harder to cast,
                  | but a little more powerful. [potion of mutation]
  4342 | D:2      | Gained mutation: You expend magic power (3 MP) to
                  | strengthen your wands. [potion of mutation]
  4343 | D:2      | Slain by an ufetubus

Illustrated notes

Levels and vault maps discovered:
D:1:      matt_arrival_refuge, layout_rooms, serial_curves, eino_curves_03,
          eino_curves_04
D:2:      layout_loops_corners, basic_altar
D:3:      layout_basic, mainiacjoe_overflow_small_starburst,
          gammafunk_ghost_arena, minivault_4, kennysheep_donut, glass_columns_a,
          uniq_terence, uniq_robin, uniq_natasha
D:4:      layout_loops_corners, grunt_dithmenos_smoke_and_mirrors,
          minmay_temple_entry_large_hall

Skill      XL: |  1  2  3  4  5 |
---------------+----------------+-----
Conjurations   | 2 3 |  3.6
Air Magic      | 3 |  3.0
Spellcasting   | 3 |  3.6
Fighting       | 1 |  1.3
Dodging        | |  1.5
Stealth        | |  2.1

Action                   |  1- 3 |  4- 6 || total
-------------------------+-------+-------++-------
Melee: Unarmed           |     8 |       ||     8
       Spear             |       |    25 ||    25
       Hand axe          |       |     4 ||     4
Throw: Dart              |       |     5 ||     5
 Cast: Shock             |    78 |    98 ||   176
       Static Discharge  |       |    11 ||    11
  Use: Potion            |       |     2 ||     2
Armor: Robe              |     7 |    41 ||    48
Dodge: Dodged            |    13 |    67 ||    80

Table legend: (Time is in decaauts)
 A = Elapsed time spent in this place.
 B = Non-inter-level travel time spent in this place.
 C = Inter-level travel time spent in this place.
 D = Time resting spent in this place.
 E = Time spent auto-exploring this place.
 F = Levels seen in this place.
 G = Mean time per level.
                   A        B        C        D        E       F      G
               +--------+--------+--------+--------+--------+-----+--------+
         Total |   4357 |   4247 |    110 |   1166 |   2390 |   4 | 1089.2 |
       Dungeon |   4357 |   4247 |    110 |   1166 |   2390 |   4 | 1089.2 |
               +--------+--------+--------+--------+--------+-----+--------+

Top non-repeatable levels by time:
     D:2: 1965 daAuts
     D:1: 1309 daAuts
     D:3: 881 daAuts
     D:4: 202 daAuts
